[Event "Kragero Resort Title 2024"]
[Site "Kragero"]
[Date "2024.02.22"]
[Round "4.27"]
[White "Xu, Yuanyuan"]
[Black "Adamovics, Aleksejs"]
[Result "1/2-1/2"]
[ECO "D37"]
[WhiteElo "2292"]
[BlackElo "2100"]
[Annotator "RC"]
[PlyCount "125"]
[EventDate "2024.02.21"]
[EventType "swiss"]
[EventCountry "NOR"]
[SourceTitle "playchess.com"]
[Source "ChessBase"]
[SourceQuality "1"]
[TimeControl "5400+30"]

1. d4 d5 2. c4 e6 3. Nc3 a6 4. cxd5 exd5 5. Nf3 Nf6 6. Bg5 Be6 7. e3 Nbd7 8. Bd3 c6 9. h3 Bd6 10. O-O Qc7 11. Ne2 Nh5 12. g4 Nhf6 13. Nf4 O-O-O 14. Nxe6 fxe6 15. Bh4 h6 16. Kg2 g5 17. Bg3 Rdg8 18. Bxd6 Qxd6 19. Rg1 Kb8 20. b4 h5 21. Kf1 hxg4 22. hxg4 e5 23. dxe5 Nxe5 24. Nxe5 Qxe5 25. Bf5 Rh3 26. Qd4 Qxd4 27. exd4 Rf3 28. Re1 Rf4 29. Re6 Rf8 30. a3 Rxd4 31. Ke2 Rf4 32. f3 Re8 33. Rh1 Rxe6+ 34. Bxe6 Kc7 35. Rh6 Kd6 36. Bc8 b5 37. Rg6 d4 38. Bf5 Ke7 39. Rg7+ Kd6 40. Rg6 Ke7 41. Rg7+ Kd6 42. Rxg5 Nd5 43. Rg6+ Kc7 44. Rg7+ Kd6 45. Be4 a5 46. Rg6+ Ke5 47. Rg5+ Kd6 48. Bxd5 cxd5 49. Rf5 d3+ 50. Kxd3 Rc4 51. g5 axb4 52. axb4 Ke6 53. Rf8 Ke7 54. Rf5 Ke6 55. Rf6+ Ke7 56. f4 Rxb4 57. Rf5 Ke6 58. Re5+ Kd6 59. Ke3 Rb1 60. Kf2 Rb2+ 61. Kf3 Rb1 62. Kg4 b4 63. Re8 1/2-1/2

[Event "Kragero Resort Title 2024"]
[Site "Kragero"]
[Date "2024.02.22"]
[Round "4.28"]
[White "Grave, Jacob Templen"]
[Black "Brodtkorb, Lars Johan"]
[Result "1-0"]
[ECO "D15"]
[WhiteElo "2273"]
[BlackElo "2088"]
[Annotator "RC"]
[PlyCount "81"]
[EventDate "2024.02.21"]
[EventType "swiss"]
[EventCountry "NOR"]
[SourceTitle "playchess.com"]
[Source "ChessBase"]
[SourceQuality "1"]
[TimeControl "5400+30"]

1. d4 d5 2. c4 c6 3. Nf3 Nf6 4. e3 a6 5. Nc3 b5 6. b3 g6 7. a4 b4 8. Ne2 a5 9. Bb2 Bg7 10. Nf4 O-O 11. Be2 Nbd7 12. O-O Bb7 13. Rc1 Rc8 14. c5 Ra8 15. Qc2 Ba6 16. Ne5 Qc7 17. Bxa6 Rxa6 18. Nfd3 Nxe5 19. dxe5 Ng4 20. Qe2 Qc8 21. e4 Nh6 22. exd5 cxd5 23. Ne1 Qa8 24. Nf3 e6 25. Nd4 Nf5 26. Nb5 Rc8 27. g4 Ne7 28. Nd6 Rc7 29. f4 Nc6 30. Qe3 Nd8 31. Bd4 Rac6 32. Rc2 Nb7 33. f5 Nxd6 34. exd6 Bxd4 35. Qxd4 Rxd6 36. cxd6 Rxc2 37. fxe6 fxe6 38. d7 Rc7 39. Qf6 Qa7+ 40. Kh1 Rxd7 41. Qf8# 1-0

[Event "Kragero Resort Title 2024"]
[Site "Kragero"]
[Date "2024.02.22"]
[Round "4.29"]
[White "Ostensen, Nicolai Maxime"]
[Black "Ter-Avetisjana, Agnesa Stepania"]
[Result "1/2-1/2"]
[ECO "A11"]
[WhiteElo "2228"]
[BlackElo "2047"]
[Annotator "RC"]
[PlyCount "98"]
[EventDate "2024.02.21"]
[EventType "swiss"]
[EventCountry "NOR"]
[SourceTitle "playchess.com"]
[Source "ChessBase"]
[SourceQuality "1"]
[TimeControl "5400+30"]

1. c4 c6 2. Nc3 d5 3. e3 Nf6 4. Nf3 g6 5. b3 Bg7 6. Bb2 O-O 7. Be2 Ne4 8. Qc1 Bg4 9. d4 Nxc3 10. Bxc3 e6 11. O-O Nd7 12. h3 Bxf3 13. Bxf3 f5 14. a4 g5 15. a5 a6 16. b4 dxc4 17. Bb2 Nf6 18. Qxc4 Qe8 19. g3 h5 20. Rae1 g4 21. hxg4 hxg4 22. Bd1 Ne4 23. Bc1 Qh5 24. Qxe6+ Kh7 25. Bxg4 Qxg4 26. Kg2 Rf6 27. Rh1+ Kg6 28. Qd7 Ng5 29. e4 Qf3+ 30. Kg1 fxe4 31. Bf4 Rxf4 32. gxf4 Qxf4 33. Qxb7 Rf8 34. Qxc6+ Rf6 35. Qe8+ Rf7 36. Qc6+ Qf6 37. Rc1 Qxc6 38. Rxc6+ Kf5 39. Rxa6 Bxd4 40. Kg2 Ke5 41. Rf1 Rb7 42. Rb1 Rf7 43. b5 Rxf2+ 44. Kg3 Kf5 45. b6 Rf3+ 46. Kg2 Rf2+ 47. Kg3 Rf3+ 48. Kg2 Rf2+ 49. Kg3 Rf3+ 1/2-1/2

[Event "Kragero Resort Title 2024"]
[Site "Kragero"]
[Date "2024.02.22"]
[Round "4.30"]
[White "Westrum, Kim Roger Hansen"]
[Black "Bazilius, Augustinas"]
[Result "1/2-1/2"]
[ECO "A36"]
[WhiteElo "2226"]
[BlackElo "2030"]
[Annotator "RC"]
[PlyCount "81"]
[EventDate "2024.02.21"]
[EventType "swiss"]
[EventCountry "NOR"]
[SourceTitle "playchess.com"]
[Source "ChessBase"]
[SourceQuality "1"]
[TimeControl "5400+30"]

1. e4 c5 2. Ne2 d6 3. c4 Nc6 4. Nbc3 Nf6 5. d3 g6 6. h3 Bg7 7. g3 O-O 8. Bg2 a6 9. O-O Rb8 10. a4 Ne8 11. Be3 Nc7 12. d4 cxd4 13. Nxd4 Ne6 14. Nde2 Nc5 15. Rc1 Nb4 16. b3 Bd7 17. Nd5 Ncd3 18. Bb6 Qe8 19. Nxb4 Nxb4 20. Qd2 Nc6 21. Rcd1 Be6 22. Nc3 Ne5 23. f4 Nd7 24. Ba7 Ra8 25. Bd4 Bxd4+ 26. Qxd4 Nc5 27. Rb1 f6 28. Kh2 Rb8 29. Rfe1 Nd7 30. Nd5 Qd8 31. e5 fxe5 32. fxe5 Nxe5 33. c5 Bxd5 34. Bxd5+ Kg7 35. Rb2 Rf6 36. Rbe2 Qc7 37. b4 Rc8 38. Qd2 a5 39. cxd6 exd6 40. bxa5 Qc3 41. Qxc3 1/2-1/2

[Event "Kragero Resort Title 2024"]
[Site "Kragero"]
[Date "2024.02.22"]
[Round "4.31"]
[White "Platonovs, Nikolajs"]
[Black "Mierins, Emils Janis"]
[Result "0-1"]
[ECO "B45"]
[WhiteElo "1995"]
[BlackElo "2220"]
[Annotator "RC"]
[PlyCount "125"]
[EventDate "2024.02.21"]
[EventType "swiss"]
[EventCountry "NOR"]
[SourceTitle "playchess.com"]
[Source "ChessBase"]
[SourceQuality "1"]
[TimeControl "5400+30"]

1. e4 c5 2. Nf3 e6 3. d4 cxd4 4. Nxd4 Nf6 5. Nc3 Nc6 6. Ndb5 Bc5 7. Be2 O-O 8. O-O d6 9. a4 a6 10. Na3 h6 11. Qd3 d5 12. exd5 exd5 13. Qg3 Kh8 14. Bf3 Bf5 15. Bf4 d4 16. Ncb1 Re8 17. h3 Nd5 18. Rc1 g5 19. Bxd5 Qxd5 20. Bc7 Re2 21. Qb3 Qe4 22. Nd2 Qe6 23. Qxe6 Bxe6 24. Nb3 Ba7 25. Re1 Rxe1+ 26. Rxe1 Rc8 27. Bg3 Kg8 28. Nd2 Nb4 29. Rc1 Rc6 30. Nf3 Bf5 31. Be5 Nd3 32. Rb1 Nxe5 33. Nxe5 Rc8 34. Nd3 Bb8 35. g4 Bg6 36. Rd1 Bd6 37. Ne1 Bxa3 38. bxa3 Rc4 39. Rb1 Rxa4 40. Rxb7 Rxa3 41. Rd7 Ra1 42. Kf1 Bxc2 43. Rxd4 a5 44. Ke2 Bb3 45. Nd3 Rh1 46. Nc5 Rxh3 47. f3 Bc2 48. Rd8+ Kg7 49. Ra8 Rh2+ 50. Ke3 Bd1 51. Rxa5 Rh3 52. Kf2 Rxf3+ 53. Ke1 Bc2 54. Ra2 Rc3 55. Nd7 Rc7 56. Nb6 Bb3 57. Rb2 Be6 58. Rb4 Rb7 59. Kf2 Bxg4 60. Ke3 Be6 61. Kd4 h5 62. Ke5 h4 63. Kd6 0-1

[Event "Kragero Resort Title 2024"]
[Site "Kragero"]
[Date "2024.02.22"]
[Round "4.32"]
[White "Moen, Ole Christian"]
[Black "Berget, Eirik"]
[Result "1/2-1/2"]
[ECO "B31"]
[WhiteElo "2208"]
[BlackElo "1960"]
[Annotator "RC"]
[PlyCount "94"]
[EventDate "2024.02.21"]
[EventType "swiss"]
[EventCountry "NOR"]
[SourceTitle "playchess.com"]
[Source "ChessBase"]
[SourceQuality "1"]
[TimeControl "5400+30"]

1. e4 c5 2. Nc3 Nc6 3. Nf3 g6 4. Bb5 Bg7 5. O-O e5 6. Nd5 Nge7 7. Re1 a6 8. Bf1 d6 9. c3 O-O 10. a4 Nxd5 11. exd5 Ne7 12. Bc4 h6 13. d4 cxd4 14. cxd4 exd4 15. Nxd4 Nf5 16. Nxf5 Bxf5 17. Ra3 Rc8 18. Bd3 Qd7 19. Bxf5 Qxf5 20. Rf3 Qd7 21. b3 Rfe8 22. Rfe3 Rxe3 23. Rxe3 Qf5 24. g4 Qb1 25. Re1 g5 26. Ba3 Qxd1 27. Rxd1 Be5 28. Rc1 Rxc1+ 29. Bxc1 Kg7 30. Kg2 f5 31. h3 Kf6 32. f3 fxg4 33. fxg4 Bd4 34. h4 gxh4 35. Bxh6 Ke5 36. Bg5 Kxd5 37. Bxh4 Ke4 38. Be7 d5 39. Kf1 Be3 40. Ke2 d4 41. Bd8 d3+ 42. Kd1 Kf4 43. g5 Kf5 44. Be7 Bxg5 45. Bxg5 Kxg5 46. Kd2 Kf4 47. Kxd3 Ke5 1/2-1/2

[Event "Kragero Resort Title 2024"]
[Site "Kragero"]
[Date "2024.02.22"]
[Round "4.33"]
[White "Ji, Jiahao Eric"]
[Black "Olde, Margareth"]
[Result "1-0"]
[ECO "C54"]
[WhiteElo "1971"]
[BlackElo "2179"]
[Annotator "RC"]
[PlyCount "81"]
[EventDate "2024.02.21"]
[EventType "swiss"]
[EventCountry "NOR"]
[SourceTitle "playchess.com"]
[Source "ChessBase"]
[SourceQuality "1"]
[TimeControl "5400+30"]

1. e4 e5 2. Nf3 Nc6 3. Bc4 Bc5 4. c3 Nf6 5. d3 d6 6. O-O h6 7. h3 a5 8. a4 O-O 9. Re1 Re8 10. Nbd2 Be6 11. Bxe6 Rxe6 12. Nf1 d5 13. exd5 Qxd5 14. Be3 Rd8 15. Qc2 Bxe3 16. Rxe3 Nh5 17. Rae1 Nf4 18. Ng3 f6 19. Rd1 Kh8 20. Kh2 b6 21. Rd2 Red6 22. Ne1 R6d7 23. Ne2 Nxe2 24. Rdxe2 Qf7 25. Nf3 Ne7 26. d4 Nd5 27. Re4 Nf4 28. dxe5 Ne6 29. exf6 Rd6 30. fxg7+ Nxg7 31. Re1 Rf8 32. Qe2 Qf5 33. Kg1 Rdf6 34. Re5 Qf4 35. Qe4 Qxe4 36. R5xe4 Rg6 37. Ne5 Rgf6 38. Nd7 Rxf2 39. Nxf8 Rxf8 40. Rf1 Rd8 41. Re7 1-0

[Event "Kragero Resort Title 2024"]
[Site "Kragero"]
[Date "2024.02.22"]
[Round "4.34"]
[White "Berzina, Ilze"]
[Black "Tollefsen, Jacob"]
[Result "1-0"]
[ECO "B11"]
[WhiteElo "2161"]
[BlackElo "1909"]
[Annotator "RC"]
[PlyCount "77"]
[EventDate "2024.02.21"]
[EventType "swiss"]
[EventCountry "NOR"]
[SourceTitle "playchess.com"]
[Source "ChessBase"]
[SourceQuality "1"]
[TimeControl "5400+30"]

1. e4 c6 2. Nc3 d5 3. Nf3 dxe4 4. Nxe4 Nf6 5. Nxf6+ exf6 6. Bc4 Be7 7. h3 O-O 8. O-O a5 9. d4 Na6 10. Re1 Bd6 11. c3 Nc7 12. Nh4 Be6 13. Bd3 Qd7 14. Qf3 Rfe8 15. Bd2 Bf8 16. Nf5 c5 17. a4 cxd4 18. Nxd4 Bd5 19. Qg3 Rxe1+ 20. Rxe1 Rd8 21. Qh4 h6 22. Bc1 Ne6 23. Bb5 Qc7 24. Nf5 Bc6 25. Qg4 Kh8 26. Bc4 Bd5 27. Bd3 Bxg2 28. Bc2 Bxh3 29. Qxh3 Ng5 30. Bxg5 fxg5 31. Nxh6 gxh6 32. Qf5 f6 33. Qxf6+ Bg7 34. Qf5 Kg8 35. Qh7+ Kf8 36. Bb3 Be5 37. Qg8+ Ke7 38. Qf7+ Kd6 39. Qe6+ 1-0

[Event "Kragero Resort Title 2024"]
[Site "Kragero"]
[Date "2024.02.22"]
[Round "4.35"]
[White "Myagmarsuren, Evsuld"]
[Black "Haugen, Lars Tormod"]
[Result "0-1"]
[ECO "B35"]
[WhiteElo "2142"]
[BlackElo "1847"]
[Annotator "NA RC"]
[PlyCount "74"]
[EventDate "2024.02.21"]
[EventType "swiss"]
[EventCountry "NOR"]
[SourceTitle "playchess.com"]
[Source "ChessBase"]
[SourceQuality "1"]
[TimeControl "5400+30"]

1. e4 c5 2. Nf3 g6 3. d4 cxd4 4. Nxd4 Bg7 5. Nc3 Nc6 6. Be3 Nf6 7. Bc4 O-O 8. Bb3 Re8 9. h4 d5 10. exd5 Na5 11. Qd2 Nxb3 12. Nxb3 b5 13. O-O-O a5 14. Nxb5 a4 15. N3d4 Qxd5 16. Kb1 Rb8 17. Nc3 Qb7 18. b3 axb3 19. axb3 Qxg2 20. h5 Ne4 21. Nxe4 Qxe4 22. hxg6 hxg6 23. f3 Qe5 24. Rhe1 Ra8 25. Qb4 Bf5 26. Bh6 Bxc2+ 27. Kb2 Bxd1 28. Rxe5 Bxe5 29. Kb1 Rec8 30. Be3 Bxb3 31. Qxe7 Ba2+ 32. Kb2 Bg7 33. Qg5 Be6 34. Qf4 Rab8+ 35. Ka1 Rb4 36. Qe4 Rcb8 37. Qc6 Rb1# 0-1

[Event "Kragero Resort Title 2024"]
[Site "Kragero"]
[Date "2024.02.22"]
[Round "4.36"]
[White "Skramstad, Oda Kofoed"]
[Black "Hjort, Jens L"]
[Result "0-1"]
[ECO "A57"]
[WhiteElo "1780"]
[BlackElo "2111"]
[Annotator "RC"]
[PlyCount "96"]
[EventDate "2024.02.21"]
[EventType "swiss"]
[EventCountry "NOR"]
[SourceTitle "playchess.com"]
[Source "ChessBase"]
[SourceQuality "1"]
[TimeControl "5400+30"]

1. d4 Nf6 2. c4 c5 3. d5 b5 4. cxb5 a6 5. b6 a5 6. Nc3 Ba6 7. e4 Bxf1 8. Kxf1 d6 9. Nf3 Nfd7 10. Qa4 Qxb6 11. e5 dxe5 12. Nxe5 Qb4 13. Nc6 Qxa4 14. Nxa4 e5 15. dxe6 fxe6 16. Nxb8 Rxb8 17. Be3 Be7 18. Rc1 O-O 19. b3 Rfc8 20. Ke2 c4 21. Rhd1 cxb3 22. Rxc8+ Rxc8 23. axb3 Rc7 24. g3 Bb4 25. Rc1 Rb7 26. Rc6 Kf7 27. Ra6 Ke7 28. Ra7 Rxa7 29. Bxa7 Kd6 30. f3 e5 31. Nb2 Kd5 32. Nc4 g5 33. h3 h5 34. Be3 a4 35. Bxg5 axb3 36. Nd2 b2 37. Nb1 Kc4 38. g4 hxg4 39. hxg4 Kb3 40. Bd2 Bc5 41. Kd1 Bd4 42. g5 Nf8 43. Be1 Ng6 44. Bd2 Nh4 45. f4 e4 46. Ke2 Nf5 47. Be1 Ka2 48. Nd2 e3 0-1

[Event "Kragero Resort Title 2024"]
[Site "Kragero"]
[Date "2024.02.22"]
[Round "4.37"]
[White "Solbu, Lasse Tveter"]
[Black "Fiskaaen, Martin Holten"]
[Result "0-1"]
[ECO "B23"]
[WhiteElo "1896"]
[BlackElo "2154"]
[Annotator "RC"]
[PlyCount "92"]
[EventDate "2024.02.21"]
[EventType "swiss"]
[EventCountry "NOR"]
[SourceTitle "playchess.com"]
[Source "ChessBase"]
[SourceQuality "1"]
[TimeControl "5400+30"]

1. e4 c5 2. Nc3 Nc6 3. f4 g6 4. Nf3 Bg7 5. a4 a6 6. Be2 e6 7. O-O Nge7 8. Qe1 O-O 9. f5 exf5 10. d3 Nd4 11. Bd1 d5 12. exd5 Nxd5 13. Nxd5 Qxd5 14. c3 Nxf3+ 15. Rxf3 Bd7 16. Qh4 Bc6 17. Bh6 Rfe8 18. Bd2 Rad8 19. Qf2 Rd7 20. Rh3 Rde7 21. Bf3 Qd6 22. Bxc6 Qxc6 23. Re3 h5 24. Rxe7 Rxe7 25. Be3 Rd7 26. Bxc5 Rxd3 27. Re1 Qxa4 28. Qe2 Qd7 29. Qe8+ Qxe8 30. Rxe8+ Kh7 31. Ba3 Rd7 32. Kf2 Bf6 33. Re2 Kg7 34. c4 Rc7 35. b3 Rd7 36. Bc5 Rd3 37. Re3 Rxe3 38. Kxe3 Be5 39. h3 Kf6 40. Bb6 Ke6 41. Bd8 Bb2 42. Kd3 f6 43. Ke3 g5 44. h4 g4 45. Bc7 Be5 46. Bd8 Bg3 0-1

[Event "Kragero Resort Title 2024"]
[Site "Kragero"]
[Date "2024.02.22"]
[Round "4.38"]
[White "Vingris, Mikelis"]
[Black "Hammari, Vinjar"]
[Result "1-0"]
[ECO "B35"]
[WhiteElo "2256"]
[BlackElo "1875"]
[Annotator "RC"]
[PlyCount "57"]
[EventDate "2024.02.21"]
[EventType "swiss"]
[EventCountry "NOR"]
[SourceTitle "playchess.com"]
[Source "ChessBase"]
[SourceQuality "1"]
[TimeControl "5400+30"]

1. e4 c5 2. Nf3 Nc6 3. d4 cxd4 4. Nxd4 g6 5. Nc3 Bg7 6. Be3 Nf6 7. Bc4 O-O 8. Bb3 Re8 9. O-O e6 10. Ndb5 d5 11. Bf4 e5 12. Bg5 a6 13. exd5 axb5 14. dxc6 Qxd1 15. Raxd1 bxc6 16. Rd6 Be6 17. Bxf6 Bxf6 18. Rxc6 Bg7 19. Nxb5 Bxb3 20. axb3 Ra2 21. Nd6 Rd8 22. Nc4 e4 23. c3 Kf8 24. b4 Ke7 25. b5 Rb8 26. b6 Rb7 27. Rd1 Ra4 28. b3 Ra6 29. Rc7+ 1-0

[Event "Kragero Resort Title 2024"]
[Site "Kragero"]
[Date "2024.02.22"]
[Round "4.39"]
[White "Persson, Sebastian"]
[Black "Hoiberg, Nina"]
[Result "1/2-1/2"]
[ECO "D30"]
[WhiteElo "2024"]
[BlackElo "2133"]
[Annotator "NA RC"]
[PlyCount "51"]
[EventDate "2024.02.21"]
[EventType "swiss"]
[EventCountry "NOR"]
[SourceTitle "playchess.com"]
[Source "ChessBase"]
[SourceQuality "1"]
[TimeControl "5400+30"]

1. d4 d5 2. Nf3 Nf6 3. c4 e6 4. Bg5 h6 5. Bh4 Be7 6. e3 Ne4 7. Bxe7 Qxe7 8. a3 O-O 9. Nbd2 Nxd2 10. Qxd2 a5 11. Be2 dxc4 12. Bxc4 Nd7 13. O-O c5 14. Rfc1 cxd4 15. exd4 Nf6 16. Qf4 Bd7 17. Ne5 Bc6 18. Nxc6 bxc6 19. Be2 Rab8 20. Qd2 Qd6 21. Bf3 Rfd8 22. Qxa5 Rxb2 23. Rd1 Rb5 24. Qa6 Nd5 25. Rac1 Rb3 26. Rxc6 1/2-1/2

[Event "Kragero Resort Title 2024"]
[Site "Kragero"]
[Date "2024.02.22"]
[Round "4.40"]
[White "Verbin, Valentina"]
[Black "Abramov, Artem"]
[Result "1-0"]
[ECO "C42"]
[WhiteElo "2063"]
[BlackElo "1931"]
[Annotator "NA RC"]
[PlyCount "82"]
[EventDate "2024.02.21"]
[EventType "swiss"]
[EventCountry "NOR"]
[SourceTitle "playchess.com"]
[Source "ChessBase"]
[SourceQuality "1"]
[TimeControl "5400+30"]

1. e4 e5 2. Nf3 Nf6 3. Nxe5 d6 4. Nf3 Nxe4 5. Nc3 Nxc3 6. dxc3 Be7 7. Be3 O-O 8. Qd2 Nd7 9. O-O-O Nf6 10. Bd3 c5 11. c4 b5 12. h3 Be6 13. cxb5 c4 14. Be2 Ne4 15. Qb4 d5 16. Qa4 Qc7 17. c3 Nc5 18. Bxc5 Qxc5 19. Nd4 Bd7 20. Qb4 Qxb4 21. cxb4 Bxb4 22. Nc2 Be7 23. Rxd5 Be6 24. Rdd1 Rac8 25. Bg4 Bxg4 26. hxg4 f5 27. f4 fxg4 28. g3 Bc5 29. Rh4 h5 30. Nd4 g6 31. Rh2 Rcd8 32. Nc6 Rxd1+ 33. Kxd1 Re8 34. Re2 Rc8 35. Ne7+ Bxe7 36. Rxe7 h4 37. gxh4 g3 38. Ke2 c3 39. bxc3 Rxc3 40. Rxa7 g2 41. Kf2 Rc2+ 1-0

[Event "Kragero Resort Title 2024"]
[Site "Kragero"]
[Date "2024.02.22"]
[Round "4.41"]
[White "Vasilijevic, Vili"]
[Black "Lilliehook, Victor"]
[Result "0-1"]
[ECO "D38"]
[WhiteElo "1881"]
[BlackElo "2042"]
[Annotator "NA RC"]
[PlyCount "124"]
[EventDate "2024.02.21"]
[EventType "swiss"]
[EventCountry "NOR"]
[SourceTitle "playchess.com"]
[Source "ChessBase"]
[SourceQuality "1"]
[TimeControl "5400+30"]

1. d4 d5 2. c4 e6 3. Nc3 Bb4 4. e3 Nf6 5. Qa4+ Nc6 6. Nf3 O-O 7. Bd3 Bd7 8. Qc2 Bd6 9. a3 dxc4 10. Bxc4 e5 11. d5 Ne7 12. O-O c6 13. e4 Rc8 14. Qe2 Bg4 15. Rd1 cxd5 16. Nxd5 Nexd5 17. Bxd5 Nxd5 18. Rxd5 Be6 19. Rd2 Qb6 20. b4 Bc4 21. Qe1 Rfd8 22. Bb2 f6 23. Rad1 Be7 24. Rd7 Qe6 25. Rxd8+ Rxd8 26. Rxd8+ Bxd8 27. Qd2 Bc7 28. Bc1 Qc6 29. Qc2 Bd3 30. Qxc6 bxc6 31. Nd2 Bb6 32. g3 g5 33. g4 h5 34. gxh5 Kg7 35. Kg2 Kh6 36. Kf3 Kxh5 37. Kg3 a6 38. Nb3 Bxe4 39. Nc5 Bxc5 40. bxc5 f5 41. h3 f4+ 42. Kh2 Bd5 43. Bb2 e4 44. Bc1 Kh4 45. Bd2 Be6 46. Be1 f3 47. Bd2 Bxh3 48. Be3 a5 49. Bd2 a4 50. Be3 Bf1 51. Bd2 Bd3 52. Be3 Kg4 53. Bd2 Bc4 54. Be3 Bd3 55. Bd2 Kf5 56. Kg3 Ke5 57. Bxg5 Kd4 58. Be3+ Kc3 59. Kf4 Kb2 60. Bd4+ Kxa3 61. Ke3 Ka2 62. Bc3 a3 0-1

[Event "Kragero Resort Title 2024"]
[Site "Kragero"]
[Date "2024.02.22"]
[Round "4.42"]
[White "Pedersen, Max Moe"]
[Black "Tashkinova, Sofiia"]
[Result "0-1"]
[ECO "E11"]
[WhiteElo "2027"]
[BlackElo "2016"]
[Annotator "NA"]
[PlyCount "56"]
[EventDate "2024.02.21"]
[EventType "swiss"]
[EventCountry "NOR"]
[SourceTitle "playchess.com"]
[Source "ChessBase"]
[SourceQuality "1"]
[TimeControl "5400+30"]

1. d4 Nf6 2. c4 e6 3. Nf3 Bb4+ 4. Bd2 Qe7 5. e3 Bxd2+ 6. Qxd2 d6 7. Nc3 b6 8. Bd3 Bb7 9. O-O c5 10. e4 Nfd7 11. Rfe1 Nc6 12. Nb5 O-O 13. e5 cxd4 14. exd6 Qf6 15. Ng5 g6 16. f4 Nc5 17. Bf1 a6 18. b4 Nxb4 19. Nxd4 Nbd3 20. Nb3 Nxe1 21. Rxe1 Rfd8 22. Nxc5 bxc5 23. Rb1 Rd7 24. Be2 Rad8 25. Rd1 e5 26. Rf1 exf4 27. Qxf4 Qxf4 28. Rxf4 h6 0-1

[Event "Kragero Resort Title 2024"]
[Site "Kragero"]
[Date "2024.02.23"]
[Round "5.24"]
[White "Mierins, Emils Janis"]
[Black "Valvag, Torbjorn"]
[Result "1-0"]
[ECO "B33"]
[WhiteElo "2220"]
[BlackElo "1951"]
[Annotator "RC"]
[PlyCount "101"]
[EventDate "2024.02.21"]
[EventType "swiss"]
[EventCountry "NOR"]
[SourceTitle "playchess.com"]
[Source "ChessBase"]
[SourceQuality "1"]
[TimeControl "5400+30"]

1. e4 c5 2. Nf3 Nc6 3. d4 cxd4 4. Nxd4 Nf6 5. Nc3 e5 6. Ndb5 d6 7. Bg5 a6 8. Na3 b5 9. Nd5 Be7 10. Bxf6 Bxf6 11. Nb1 O-O 12. a4 Rb8 13. axb5 axb5 14. Na3 b4 15. Nc4 Bg5 16. Be2 Nd4 17. O-O Bb7 18. c3 Nxe2+ 19. Qxe2 Bxd5 20. exd5 bxc3 21. bxc3 Qd7 22. Na5 Qb5 23. c4 Qc5 24. Nc6 Ra8 25. Qg4 h6 26. Qd7 Bf6 27. Rxa8 Rxa8 28. Qb7 Ra4 29. Qc8+ Kh7 30. Qf5+ Kg8 31. Rb1 Ra8 32. Qe4 g6 33. Qc2 Kg7 34. g3 Qa3 35. Kg2 Ra4 36. Rb6 e4 37. Qxe4 Qc5 38. Rb7 Ra2 39. Qf4 Ra8 40. Rd7 g5 41. Qxd6 Qxc4 42. Qe6 Rf8 43. h3 h5 44. Rb7 h4 45. gxh4 gxh4 46. Qf5 Rg8 47. Rb4 Kf8+ 48. Kh2 Qc1 49. Rb8+ Kg7 50. Rxg8+ Kxg8 51. Qxf6 1-0

[Event "Kragero Resort Title 2024"]
[Site "Kragero"]
[Date "2024.02.24"]
[Round "5.25"]
[White "Torosyan, Volodya"]
[Black "Berzina, Ilze"]
[Result "1/2-1/2"]
[ECO "B12"]
[WhiteElo "1889"]
[BlackElo "2161"]
[Annotator "RC"]
[PlyCount "139"]
[EventDate "2024.02.21"]
[EventType "swiss"]
[EventCountry "NOR"]
[SourceTitle "playchess.com"]
[Source "ChessBase"]
[SourceQuality "1"]
[TimeControl "5400+30"]

1. e4 c6 2. d4 d5 3. e5 c5 4. dxc5 Nc6 5. Bb5 e6 6. Be3 Nge7 7. Nf3 Nf5 8. Qd2 Bd7 9. Nc3 Qc7 10. O-O Nxe3 11. Qxe3 Nb4 12. Rfc1 Bxc5 13. Bxd7+ Kxd7 14. Qd2 Ke8 15. a3 Nc6 16. b4 Be7 17. Qe3 Kf8 18. Nb5 Qb6 19. c4 dxc4 20. Qxb6 axb6 21. Rab1 g5 22. Rxc4 h5 23. h3 Kg7 24. Rbc1 Rhd8 25. g4 hxg4 26. Rxg4 Kh6 27. Kg2 Rd3 28. Rcc4 Rad8 29. Nc3 Rxf3 30. Kxf3 Nxe5+ 31. Kg2 f5 32. Rgd4 Nxc4 33. Rxc4 Bf6 34. Nb5 Be5 35. Rc2 Kg6 36. Rc4 Kf6 37. Rc2 Bf4 38. Rc4 Rd5 39. Nc3 Rd2 40. Kf1 Be5 41. Nb5 Rd5 42. a4 Rd3 43. Kg2 f4 44. f3 Rd2+ 45. Kg1 Ra2 46. Nc3 Ra3 47. Ne4+ Kf5 48. Kg2 Rxa4 49. Rc8 Kg6 50. Rg8+ Bg7 51. Re8 Rxb4 52. Rxe6+ Kf5 53. Re7 Rb2+ 54. Kf1 Bd4 55. Rxb7 Rh2 56. Rd7 Be5 57. Rf7+ Kg6 58. Re7 Bd4 59. Rd7 Be3 60. Rd6+ Kf5 61. Rd5+ Ke6 62. Rb5 Kd7 63. Rxg5 Rxh3 64. Ke2 Kc6 65. Nc3 Rh2+ 66. Kd3 Rd2+ 67. Kc4 Rd4+ 68. Kb3 Bd2 69. Rg6+ Kb7 70. Rf6 1/2-1/2

[Event "Kragero Resort Title 2024"]
[Site "Kragero"]
[Date "2024.02.23"]
[Round "5.26"]
[White "Hjort, Jens L"]
[Black "Haugen, Lars Tormod"]
[Result "0-1"]
[ECO "D00"]
[WhiteElo "2111"]
[BlackElo "1847"]
[Annotator "ChessBase"]
[PlyCount "100"]
[EventDate "2024.02.21"]
[EventType "swiss"]
[EventCountry "NOR"]
[SourceTitle "playchess.com"]
[Source "ChessBase"]
[SourceQuality "1"]
[TimeControl "5400+30"]

1. d4 d5 2. e4 dxe4 3. Nc3 Nf6 4. f3 exf3 5. Nxf3 Bf5 6. Ne5 c6 7. Bc4 e6 8. O-O Bg6 9. Be3 Nbd7 10. Nxg6 hxg6 11. Qf3 Nb6 12. Bb3 Bd6 13. h3 O-O 14. Rad1 Qc7 15. g4 Nfd5 16. Ne4 Nxe3 17. Qxe3 Nd5 18. Qf3 Be7 19. c4 Nf6 20. Ng5 Bd6 21. Kg2 Qe7 22. h4 Rad8 23. Rfe1 Bb8 24. Qh3 Qc7 25. Rf1 c5 26. h5 gxh5 27. gxh5 Qc6+ 28. Kg1 Ne4 29. Qg2 Nxg5 30. Qxg5 Qc7 31. Rf2 Qg3+ 32. Qxg3 Bxg3 33. Rg2 Bf4 34. d5 exd5 35. cxd5 b5 36. Bc2 Rfe8 37. b4 cxb4 38. Rg4 Be3+ 39. Kg2 Bc5 40. Kf3 Re5 41. h6 g6 42. Be4 Kh7 43. Rh4 f5 44. Bc2 Rdxd5 45. Kf4 Be3+ 46. Kf3 Rxd1 47. Bxd1 Bc5 48. Rh1 g5 49. Bc2 Re3+ 50. Kg2 Re2+ 0-1

[Event "Kragero Resort Title 2024"]
[Site "Kragero"]
[Date "2024.02.23"]
[Round "5.27"]
[White "Vinter-Schou, Uffe"]
[Black "Verbin, Valentina"]
[Result "1-0"]
[ECO "B51"]
[WhiteElo "2354"]
[BlackElo "2063"]
[Annotator "RC"]
[PlyCount "101"]
[EventDate "2024.02.21"]
[EventType "swiss"]
[EventCountry "NOR"]
[SourceTitle "playchess.com"]
[Source "ChessBase"]
[SourceQuality "1"]
[TimeControl "5400+30"]

1. e4 c5 2. Nf3 d6 3. Bb5+ Nd7 4. O-O a6 5. Bd3 e6 6. Re1 g5 7. Kh1 g4 8. Ng1 h5 9. c4 Ne5 10. Be2 Qf6 11. Rf1 Qg6 12. Nc3 Nf6 13. d4 cxd4 14. Qxd4 h4 15. Bf4 Nh5 16. Bxe5 dxe5 17. Qxe5 f6 18. Qc7 Rh7 19. Qb6 Ng3+ 20. fxg3 hxg3 21. h3 gxh3 22. Rf3 hxg2+ 23. Kxg2 Qh5 24. Rd1 Bd7 25. Rxd7 Qh2+ 26. Kf1 Rxd7 27. Qxe6+ Re7 28. Qh3 Qxh3+ 29. Nxh3 Rg7 30. Kg2 Bd6 31. Nf4 Bxf4 32. Rxf4 Kd7 33. Bg4+ Kc6 34. b4 Rag8 35. Kxg3 f5 36. exf5 Re8 37. f6 Rf7 38. Bh5 Rg8+ 39. Kf2 Rh7 40. f7 Rf8 41. Rf6+ Kd7 42. Bg4+ Kd8 43. Be6 Rh2+ 44. Ke3 Rc2 45. Kd3 Rb2 46. a3 a5 47. b5 a4 48. Rg6 Rb3 49. Kd4 Rxa3 50. Nd5 Ra1 51. Rg8 1-0